 Dungeon Crawl Stone Soup version 0.24.0-37-gcf1ca852f1 (webtiles) character file.

Game seed: 4742289359972387728, levelgen mode: deterministic

49 DildoBatman the Magician (level 4, 0/30 HPs)
             Began as a Formicid Wizard on Nov 26, 2019.
             Slain by an adder (1 damage)
             ... on level 2 of the Dungeon.
             The game lasted 00:03:42 (1605 turns).

DildoBatman the Magician (Formicid Wizard)          Turns: 1605, Time: 00:03:43

Health: 0/30       AC:  2    Str: 12    XL:     4   Next: 2%
Magic:  7/8        EV: 12    Int: 18    God:
Gold:   55         SH:  0    Dex:  9    Spells: 2/9 levels left

rFire    . . .     SeeInvis +   a - +3 dagger
rCold    . . .     Gourm    .   (no shield)
rNeg     . . .     Faith    .   o - +0 robe
rPois    .         Spirit   .   (helmet unavailable)
rElec    .         Reflect  .   (no cloak)
rCorr    .         Harm     .   (no gloves)
MR       .....                  (no boots)
Stlth    ++........             (no amulet)
HPRegen  0.10/turn              (no ring)
MPRegen  0.11/turn              (no ring)

@: lethally poisoned (0 -> -7)
A: permanent stasis, dig shafts and tunnels, four strong arms, antennae 3
a: Dig, Shaft Self


You were on level 2 of the Dungeon.
You were not hungry.

You visited 1 branch of the dungeon, and saw 2 of its levels.

You collected 55 gold pieces.

Inventory:

Hand Weapons
 a - a +3 dagger (weapon)
 b - a +0 hunting sling
Missiles
 i - 58 bolts
 m - 25 sling bullets
 n - 98 stones (quivered)
Armour
 o - a +0 robe (worn)
Jewellery
 l - an uncursed amulet of faith {unknown}
Wands
 r - a wand of flame (20)
Scrolls
 c - a scroll of enchant weapon {unknown}
 e - 2 scrolls of magic mapping {unknown}
 f - 2 scrolls of identify {unknown}
 g - 3 scrolls of fog {unknown}
 j - a scroll of blinking {unknown}
Potions
 d - a potion of might {unknown}
 h - 2 potions of flight {unknown}
 k - a potion of cancellation {unknown}
 q - a potion of haste {unknown}
Comestibles
 p - a chunk of flesh
 v - 3 rations


   Skills:
 - Level 1.7 Dodging
 - Level 2.4 Stealth
 - Level 3.2 Spellcasting
 * Level 3.2 Conjurations
   Level 1.0 Summonings
   Level 0.8 Translocations


You had 2 spell levels left.
You knew the following spells:

 Your Spells              Type           Power        Failure   Level  Hunger
a - Conjure Flame         Conj/Fire      #.......     24%         3    ###....
c - Magic Dart            Conj           ##..         4%          1    None
e - Mephitic Cloud        Conj/Pois/Air  #.......     30%         3    ###....

Your spell library contained the following spells:

 Spells                   Type           Power        Failure   Level  Hunger
 Call Imp                 Summ           #.......     16%         2    ##.....
 Slow                     Hex            #.......     24%         2    ##.....
 Blink                    Tloc           Unusable     N/A         2    N/A

Dungeon Overview and Level Annotations

Branches:
Dungeon (2/15)

Altars:


Innate Abilities, Weirdness & Mutations

You cannot be hasted, slowed, berserked, paralysed or teleported.
You can dig through walls and to a lower floor.
Your four strong arms can wield two-handed weapons with a shield.
You have a pair of large antennae on your head. (SInv)


Message History

The adder bites you. What are your orders? t - Shout!
Orders for allies: a - Attack new target. p - Attack previous target. r - Retreat! s - Stop attacking. g - Guard the area. f - Follow me.
Anything else - Cancel.
You shout for attention!
The adder misses you. The adder bites you. What are your orders? t - Shout!
Orders for allies: a - Attack new target. p - Attack previous target. r - Retreat! s - Stop attacking. g - Guard the area. f - Follow me.
Anything else - Cancel.
You shout for attention!
You feel sick. The adder bites you.
You die...

##### #.# #.# ....#
#.###.### ###.# #.......#
##.## #####.#.##.#
##.<.##### #..........#
#..#......^ #.###.#.#..#
#....###### #.# #.#.#..#
....## ##.###.# # .#
##..# #.##..@##.# #
##..######.......S#.#
)..........#.............
##########........###.#.#
## ##.##....# .. #.
##.#%# .. . #.#.# ##
..... ......


You could see an adder.

Vanquished Creatures
  An adder (D:2)
  2 oozes (D:1)
  2 leopard geckos (D:1)
  4 bats
  A giant cockroach (D:2)
  5 hobgoblins
  3 kobolds (D:1)
  A quokka (D:2)
  6 goblins (D:1)
  3 rats (D:1)
28 creatures vanquished.

Notes
Turn   | Place    | Note
-------+----------+-------------------------------------------
     0 | D:1      | DildoBatman the Formicid Wizard began the quest for the
                  | Orb.
     0 | D:1      | Reached XP level 1. HP: 13/13 MP: 4/4
    23 | D:1      | Reached skill level 1 in Conjurations
   235 | D:1      | Reached XP level 2. HP: 19/19 MP: 0/6
   722 | D:1      | Reached XP level 3. HP: 24/24 MP: 4/7
   727 | D:1      | Learned a level 3 spell: Conjure Flame
   731 | D:1      | Learned a level 3 spell: Mephitic Cloud
  1480 | D:2      | Reached XP level 4. HP: 28/30 MP: 5/8
  1605 | D:2      | HP: 1/30 [poisoned by an adder]
  1605 | D:2      | Slain by an adder

Levels and vault maps discovered:
D:1:      erik_arrival_gehennom, layout_loops_ring, minmay_pentomino_o2
D:2:      layout_loops_ring, tgw_trog, uniq_robin

Skill      XL: |  1  2  3 |
---------------+----------+-----
Conjurations   | 1 2 3 |  3.2
Dodging        | |  1.7
Stealth        | |  2.4
Spellcasting   | |  3.2
Summonings     | |  1.0
Translocations | |  0.8

Action                   |  1- 3 |  4- 6 || total
-------------------------+-------+-------++-------
Melee: Club              |     2 |       ||     2
       Dagger            |     2 |       ||     2
 Cast: Magic Dart        |    63 |     5 ||    68
 Abil: Dig               |     3 |       ||     3
  Eat: Chunk             |     2 |       ||     2
Armor: Robe              |     1 |     1 ||     2
Dodge: Dodged            |     7 |    14 ||    21
